 Dungeon Crawl Stone Soup version 0.26-a0-613-g4f23886 (webtiles) character file.

Game seed: 7814609336616351062

11257 robertstho the Cleaver (level 11, -5/102 HPs)
             Began as a Minotaur Delver on Sept 10, 2020.
             Was an Initiate of Gozag.
             Slain by Josephine
             ... wielding a +3 dagger
              (7 damage)
             ... on level 10 of the Dungeon.
             The game lasted 00:18:03 (14822 turns).

robertstho the Cleaver (Minotaur Delver)           Turns: 14822, Time: 00:18:03

Health: -5/102     AC:  8    Str: 20    XL:     11   Next: 46%
Magic:  10/10      EV:  5    Int:  7    God:    Gozag
Gold:   43         SH: 14    Dex: 14    Spells: 10/10 levels left

rFire    + + .     SeeInvis +   a - +1 hand axe (flame)
rCold    + . .     Faith    .   I - +3 tower shield of the Shrike {rElec Regen+ Slay-6}
rNeg     . . .     Spirit   .   K - +0 scale mail {rF+}
rPois    +         Reflect  .   (helmet restricted)
rElec    +         Harm     .   l - scarf {rC+ rF+}
rCorr    .                      (no gloves)
MR       .....                  J - +0 pair of boots of the Heron {Dex+2} (curse)
Stlth    ..........             (no amulet)
HPRegen  0.67/turn              F - ring of poison resistance
MPRegen  0.12/turn              D - ring of see invisible

@: mighty, extremely drained
A: retaliatory headbutt, horns 2
a: Potion Petition, Call Merchant, Bribe Branch, Renounce Religion


You were on level 10 of the Dungeon.
You worshipped Gozag.
Gozag was noncommittal.
You visited 1 branch of the dungeon, and saw 10 of its levels.
You also visited: Sewer.

You collected 2634 gold pieces.
You spent 1439 gold pieces at shops.
You paid 1152 gold pieces to Gozag.

Inventory:

Hand Weapons
 a - a +1 hand axe of flaming (weapon)
 z - a +0 battleaxe of electrocution
Missiles
 h - 54 poisoned darts (quivered)
 H - 9 curare-tipped darts
Armour
 l - a scarf of resistance (worn)
 I - the +3 tower shield of the Shrike (worn) {rElec Regen+ Slay-6}
   (You bought it in a shop on level 10 of the Dungeon)

   It affects your accuracy and damage with ranged weapons and melee attacks
   (-6).
   It insulates you from electricity.
   It increases your rate of regeneration.
 J - the cursed +0 pair of boots of the Heron (worn) {Dex+2}
   (You bought it in a shop on level 10 of the Dungeon)

   It affects your dexterity (+2).
   It has a curse placed upon it.
 K - a +0 scale mail of fire resistance (worn)
Jewellery
 s - an uncursed ring of ice
 D - a ring of see invisible (right hand)
 F - a ring of poison resistance (left hand)
 G - an uncursed ring of resist corrosion
Wands
 g - a wand of digging (3)
 j - a wand of random effects (19)
 v - a wand of enslavement (12)
 y - a wand of iceblast (20)
 B - a wand of polymorph (20)
Scrolls
 b - 4 scrolls of enchant weapon
 c - 4 scrolls of fog
 d - 5 scrolls of magic mapping
 e - a scroll of fear
 m - 2 scrolls of random uselessness {unknown}
 n - 7 scrolls of teleportation {unknown}
 p - 6 scrolls of remove curse
 q - a scroll of brand weapon
 r - 2 scrolls of enchant armour
 t - 3 scrolls of immolation
 x - 3 scrolls of blinking
Potions
 f - 2 potions of flight
 k - 2 potions of stabbing
 u - 6 potions of lignification
 w - 2 potions of mutation
 E - 3 potions of curing


   Skills:
 * Level 11.1(4.0) Fighting
 + Level 11.8(4.6) Axes
 + Level 0.7(0.0) Throwing
 * Level 10.3(3.4) Armour
 * Level 8.1(1.6) Dodging
 + Level 6.7(0.4) Stealth
 + Level 0.1(0.0) Evocations


You had 10 spell levels left.
You didn't know any spells.
Your spell library contained the following spells:

 Spells                   Type           Power        Failure   Level
 Beastly Appendage        Tmut           #.....       100%        1
 Wereblood                Tmut           #.......     100%        2
 Confusing Touch          Hex            #.......     100%        3
 Gell's Gravitas          Tloc           #.........   100%        3
 Spider Form              Tmut/Pois      #.........   100%        3
 Dispel Undead            Necr           #.......     100%        4
 Ice Form                 Ice/Tmut       #.......     100%        4
 Petrify                  Tmut/Erth      #.......     100%        4
 Blade Hands              Tmut           #.........   100%        5
 Metabolic Englaciation   Hex/Ice        #.........   100%        5
 Yara's Violent Unravell  Hex/Tmut       #.........   100%        5
 Statue Form              Tmut/Erth      #........    100%        6


Dungeon Overview and Level Annotations

Branches:
Dungeon (10/15)            Temple (0/1) D:4            Lair (0/6) D:9
    Orc (0/2) D:9           Sewer (visited)

Altars:
Ashenzari
Cheibriados
Elyvilon
Fedhas
Gozag
Kikubaaqudgha
Makhleb
Nemelex Xobeh
Wu Jian

Shops:
D:6 *(   D:7 *   D:10 *

Annotations:
D:3 3 runed translucent doors, Dooliper's ghost, amateur HOFi
D:10 Josephine


Innate Abilities, Weirdness & Mutations

You reflexively headbutt those who attack you in melee.
You have a pair of horns on your head.


Message History

Josephine barely misses you.
You hit Josephine but do no damage. Your headbutt misses Josephine.
Josephine is severely wounded.
Josephine is infused with unholy energy.
* * * LOW HITPOINT WARNING * * *
Josephine draws life force from you and is healed!
Josephine hits you but does no damage.
You hit Josephine. You burn Josephine.
Josephine is severely wounded.
Josephine hits you but does no damage.
You slash Josephine! You burn Josephine. Your headbutt misses Josephine.
Josephine is almost dead.
Josephine is infused with unholy energy.
* * * LOW HITPOINT WARNING * * *
Josephine draws life force from you and is healed!
You slash Josephine! You burn Josephine.
Josephine is almost dead.
Josephine hits you with a +3 dagger!
You die...
Your body crumbles into a pile of gold.

##+##
#.###....#
#.......##
#####.###
#.# #.# #.#
#.#
.W########.#
#5WWWW@@...#
############


You could see Josephine, 5 wraiths and an ufetubus.

Vanquished Creatures
  A two-headed ogre (D:9)
  Sonja (D:10)
  An unseen horror (D:10)
  Pikel (D:8)
  A gargoyle (D:10)
  2 trolls (D:10)
  A meliai (D:9)
  A hippogriff (D:10)
  A wraith (D:9)
  12 yaks
  Edmund (D:6)
  A water moccasin (D:8)
  3 porcupines (D:9)
  2 sky beasts
  4 ice beasts
  5 orc warriors
  2 black bears (D:9)
  A necrophage (D:6)
  7 ogres
  4 centaurs
  7 bullfrogs
  A gnoll sergeant (D:10)
  A wyvern skeleton (D:8)
  4 scorpions
  A water moccasin skeleton (D:5)
  8 killer bees
  6 wights
  2 electric eels (D:6)
  2 howler monkeys
  3 centaur zombies
  6 hounds
  5 jellies
  A centaur skeleton (D:5)
  2 quasits
  3 orc priests
  14 orc wizards
  Natasha (thrice) (D:3)
  5 worker ants
  5 iguanas
  A hound skeleton (D:5)
  7 gnolls
  9 adders
  5 river rats (Sewer)
  2 shadow imps
  4 white imps
  3 ufetubi
  2 oozes (D:4)
  An adder zombie (D:6)
  2 adder skeletons
  4 worms
  8 dart slugs
  6 leopard geckos
  24 orcs
  7 ball pythons
  5 giant cockroaches
  3 goblins (D:1)
  8 hobgoblins
  11 jackals
  5 quokkas
  10 bats
  9 frilled lizards
  A jackal skeleton (D:5)
  8 kobolds
  15 rats
291 creatures vanquished.

Vanquished Creatures (others)
  An adder (D:6)
  A quokka (D:8)
  35 fungi (D:9)
  66 plants
103 creatures vanquished.

Grand Total: 394 creatures vanquished

Notes
Turn   | Place    | Note
-------+----------+-------------------------------------------
     0 | D:5      | robertstho the Minotaur Delver began the quest for the Orb.
     0 | D:5      | Reached XP level 1. HP: 19/19 MP: 0/0
    10 | D:5      | Reached XP level 2. HP: 19/27 MP: 1/1
    11 | D:5      | Noticed an ogre
    62 | D:5      | Killed an ogre
    62 | D:5      | Reached skill level 1 in Armour
    62 | D:5      | Reached XP level 3. HP: 3/33 MP: 2/2
    62 | D:5      | Reached XP level 4. HP: 4/40 MP: 3/3
   356 | D:5      | Found a glowing drain.
   370 | Sewer    | Entered a sewer
   759 | Sewer    | Reached skill level 5 in Stealth
   811 | Sewer    | Reached XP level 5. HP: 39/47 MP: 4/4
  1483 | D:5      | Found a sparkling altar of Nemelex Xobeh.
  1483 | D:5      | Found an opulent altar of Gozag.
  1486 | D:5      | Reached XP level 6. HP: 53/53 MP: 5/5
  1506 | D:5      | Became a worshipper of Gozag Ym Sagoz the Greedy
  1657 | D:5      | HP: 1/82 [orc wizard/magic dart (8)]
  1666 | D:5      | Reached skill level 5 in Fighting
  2117 | D:4      | Found a blossoming altar of Fedhas.
  2142 | D:4      | Found a burning altar of Makhleb.
  2160 | D:4      | Reached XP level 7. HP: 17/61 MP: 6/6
  2651 | D:4      | Found a shattered altar of Ashenzari.
  3287 | D:4      | Found a staircase to the Ecumenical Temple.
  3384 | D:4      | Noticed an Executioner
  3464 | D:4      | Reached skill level 5 in Armour
  3763 | D:3      | Found an ancient bone altar of Kikubaaqudgha.
  3831 | D:3      | Found a runed translucent gate.
  3832 | D:3      | Found a runed translucent gate.
  3852 | D:3      | Found a runed translucent gate.
  3854 | D:3      | Noticed Dooliper's ghost (amateur HOFi)
  4123 | D:3      | Found a snail-covered altar of Cheibriados.
  4172 | D:3      | Noticed Natasha
  4185 | D:3      | Killed Natasha
  4382 | D:3      | Noticed Natasha
  4398 | D:3      | Killed Natasha
  4398 | D:3      | Reached skill level 5 in Axes
  4423 | D:3      | Noticed Natasha
  4430 | D:3      | Killed Natasha
  4430 | D:3      | Reached XP level 8. HP: 61/70 MP: 7/7
  4624 | D:3      | Identified the +1 short sword of Pyromania {chaos, *Slow
                  | Int+3 Stlth+}
  6358 | D:6      | HP: 1/70 [centaur/arrow (10)]
  7056 | D:6      | Reached skill level 5 in Dodging
  8131 | D:6      | Found Ysuataps's Antique Weapon Boutique.
  8140 | D:6      | Bought a battleaxe for 188 gold pieces
  8222 | D:6      | Noticed Edmund
  8227 | D:6      | Killed Edmund
  8228 | D:6      | Found Ecurair's General Store.
  8243 | D:6      | Bought a potion of heal wounds for 70 gold pieces
  8243 | D:6      | Bought a scroll of identify for 28 gold pieces
  8243 | D:6      | Bought a scroll of identify for 28 gold pieces
  8243 | D:6      | Bought a potion of might for 56 gold pieces
  8766 | D:6      | Reached XP level 9. HP: 28/79 MP: 8/8
  9150 | D:7      | Found Muewaon's Assorted Antiques.
  9165 | D:7      | Bought a glowing battleaxe for 247 gold pieces
  9165 | D:7      | Bought a bronze ring for 130 gold pieces
  9165 | D:7      | Bought a scroll labeled RIBRUT YMURPH for 26 gold pieces
  9725 | D:7      | HP: 3/80 [killer bee (6)]
 10189 | D:8      | Noticed Pikel
 10194 | D:8      | Killed Pikel
 10399 | D:8      | Found an ornate altar of the Wu Jian Council.
 10755 | D:8      | Found a white marble altar of Elyvilon.
 11048 | D:8      | Reached XP level 10. HP: 83/90 MP: 9/9
 11769 | D:9      | Found a staircase to the Lair.
 11999 | D:9      | Found a staircase to the Orcish Mines.
 12038 | D:9      | Reached skill level 10 in Axes
 12590 | D:9      | Reached skill level 10 in Fighting
 12617 | D:9      | Noticed a two-headed ogre
 12624 | D:9      | Killed a two-headed ogre
 13213 | D:10     | Entered Level 10 of the Dungeon
 13264 | D:10     | Noticed an unseen horror
 13287 | D:10     | Reached XP level 11. HP: 68/101 MP: 10/10
 13302 | D:10     | Killed an unseen horror
 14049 | D:10     | Reached skill level 10 in Armour
 14412 | D:10     | Identified the Catalogue of Doomed Transmigration
 14442 | D:10     | Noticed Sonja
 14445 | D:10     | Found Geuzxy's Assorted Antiques.
 14463 | D:10     | Killed Sonja
 14744 | D:10     | Bought 2 potions of curing for 138 gold pieces
 14744 | D:10     | Bought a bloodstained tower shield for 218 gold pieces
 14744 | D:10     | Bought a pair of distressingly furry boots for 218 gold
                  | pieces
 14744 | D:10     | Bought a scroll labeled ROEFIA VIETTI for 23 gold pieces
 14744 | D:10     | Bought a scroll labeled ROEFIA VIETTI for 23 gold pieces
 14744 | D:10     | Bought a scroll of identify for 46 gold pieces
 14758 | D:10     | Identified the cursed +0 pair of boots of the Heron {Dex+2}
                  | (You bought it in a shop on level 10 of the Dungeon)
 14764 | D:10     | Identified the +3 tower shield of the Shrike {rElec Regen+
                  | Slay-6} (You bought it in a shop on level 10 of the
                  | Dungeon)
 14799 | D:10     | Noticed Josephine
 14821 | D:10     | HP: 1/102 [Josephine/vampiric draining (14)]
 14822 | D:10     | Slain by Josephine

Illustrated notes

Levels and vault maps discovered:
D:1:      dpeg_arrival_rooms_c, layout_basic, minmay_tiny_reverse_x
D:2:      layout_basic, minmay_fractal_squares_gapless_5
D:3:      layout_basic, lemuel_crystal_altar, lemuel_doored_altar,
          gammafunk_ghost_nasty_kobolds, serial_rivers,
          chequers_serial_rivers_room_b, chequers_serial_rivers_marsh,
          chequers_serial_rivers_small_3, chequers_serial_rivers_micro_b,
          chequers_serial_rivers_large_b, uniq_natasha
D:4:      minmay_chambers_of_twos, layout_basic, makhleb_altar_promises_db,
          nicolae_overflow_crystal_walls, ashenzari_conservatory_becter,
          minmay_temple_entry_glassed_door
D:5:      layout_rooms, grunt_temple_overflow_opulence,
          cheibrodos_sewer_entry_bend, minivault_26
D:6:      wad_woods_pond, layout_basic, serial_shops, nicolae_shop_statue_plus,
          shop, uniq_edmund
D:7:      layout_basic, serial_shops, nicolae_shop_trees
D:8:      layout_gridville, elyvilon_altar_4, basic_altar, uniq_pikel
D:9:      layout_stronghold, due_lair_maze_entry_diamond, orc_0_dummy,
          serial_column_ruins, column_ruins_hut, column_ruins_grid_1,
          column_ruins_open_tiny, column_ruins_columns_water,
          column_ruins_grid_3, column_ruins_columns_straight,
          column_ruins_corridor_corner, minmay_fractal_squares_gapless_7
D:10:     layout_loops_corners, serial_shops, nicolae_shop_crystal,
          minmay_diced_spiral, uniq_josephine, uniq_sonja

Skill      XL: |  1  2  3  4  5  6  7  8  9 10 11 |
---------------+----------------------------------+-----
Fighting       | 4 5 7 8 10 11 | 11.1
Armour         | 1 2 4 5 7 8 9 10 | 10.3
Dodging        | 3 4 5 6 7 8 |  8.1
Stealth        | 5 6 |  6.7
Axes           | 3 4 5 6 8 11 | 11.8
Throwing       | |  0.7
Evocations     | |  0.1

Action                   |  1- 3 |  4- 6 |  7- 9 | 10-12 || total
-------------------------+-------+-------+-------+-------++-------
Melee: Hand axe          |     8 |   112 |   244 |    19 ||   383
       Headbutt          |     1 |    30 |    67 |    45 ||   143
       Battleaxe         |       |       |   149 |   218 ||   367
       War axe           |       |       |     4 |       ||     4
Throw: Dart              |     8 |       |       |       ||     8
Invok: Potion Petition   |       |     1 |     2 |     1 ||     4
Evoke: Wand              |       |       |     3 |     3 ||     6
  Use: Potion            |     1 |     3 |     6 |     9 ||    19
       Scroll            |       |       |    10 |     8 ||    18
 Stab: Sleeping          |       |    11 |    15 |     4 ||    30
       Invisible         |       |     2 |       |     3 ||     5
       Distracted        |       |       |     3 |     3 ||     6
Armor: Leather armour    |     2 |     7 |       |       ||     9
       Ring mail         |       |    10 |   118 |    19 ||   147
       Skin              |       |     6 |       |       ||     6
       Scale mail        |       |       |       |    62 ||    62
Dodge: Dodged            |     3 |    46 |   271 |   236 ||   556
Block: Tower shield      |       |       |       |     8 ||     8

Table legend: (Time is in decaauts)
 A = Elapsed time spent in this place.
 B = Non-inter-level travel time spent in this place.
 C = Inter-level travel time spent in this place.
 D = Time resting spent in this place.
 E = Time spent auto-exploring this place.
 F = Levels seen in this place.
 G = Mean time per level.
                   A        B        C        D        E       F      G
               +--------+--------+--------+--------+--------+-----+--------+
         Total |  14993 |  14656 |    337 |   3695 |   8591 |  11 | 1363.0 |
       Dungeon |  14318 |  13981 |    337 |   3537 |   8245 |  10 | 1431.8 |
         Sewer |    674 |    674 |      0 |    158 |    345 |   1 |  674.0 |
               +--------+--------+--------+--------+--------+-----+--------+

Top non-repeatable levels by time:
     D:6: 2281 daAuts
     D:9: 2141 daAuts
     D:5: 1887 daAuts
     D:4: 1675 daAuts
    D:10: 1308 daAuts
     D:8: 1292 daAuts
     D:3: 1218 daAuts
     D:7: 1089 daAuts
     D:2: 910 daAuts
   Sewer: 674 daAuts
     D:1: 514 daAuts
